 Dungeon Crawl Stone Soup version 0.27-a0-1612-gde56a17b89 (webtiles) character file.

Game seed: 1434635533041409375

813 siradein the Digger (level 7, -5/36 HPs)
             Began as a Gargoyle Earth Elementalist on July 22, 2021.
             Was a Follower of Yredelemnul.
             Slain by Edmund (16 damage)
             ... on level 3 of the Dungeon.
             The game lasted 00:18:44 (5083 turns).

siradein the Digger (Gargoyle Earth Elementalist)   Turns: 5083, Time: 00:18:45

Health: -5/36      AC:  6    Str: 12    XL:     7   Next: 93%
Magic:  14/14      EV: 12    Int: 17    God:    Yredelemnul [*.....]
Gold:   163        SH:  0    Dex: 13    Spells: 5/16 levels left

rFire    . . .     SeeInvis .   p - +9 quarterstaff "Iplob" {vamp, Drain rElec Dex+3}
rCold    . . .     Faith    +   (shield currently unavailable)
rNeg     + + .     Spirit   .   l - +0 robe {rN+}
rPois    ∞         Reflect  .   (no helmet)
rElec    +         Harm     .   (no cloak)
rCorr    .         Rampage  .   (no gloves)
Will     .....                  (no boots)
Stlth    ++........             o - amulet of faith
HPRegen  0.12/turn              (no ring)
MPRegen  0.14/turn              (no ring)

@: no status effects
A: sickness immunity, AC +4, negative energy resistance 1, electricity
resistance, torment resistance 1, petrification resistance
a: Renounce Religion, Animate Remains


You were on level 3 of the Dungeon.
You worshipped Yredelemnul.
Yredelemnul was aware of your devotion.
You visited 1 branch of the dungeon, and saw 4 of its levels.

You collected 185 gold pieces.
You spent 22 gold pieces at shops.

Inventory:

Hand Weapons
 p - the +9 quarterstaff "Iplob" (weapon) {vamp, Drain rElec Dex+3}
   (You took it off a hobgoblin on level 4 of the Dungeon)

   It occasionally heals its wielder for a portion of the damage dealt when it
   wounds a living foe.
   Dex:       It affects your dexterity (+3).
   rElec:     It insulates you from electricity.
   Drain:     It drains your maximum health when unequipped.
Missiles
 c - 47 stones
Armour
 l - a +0 robe of positive energy (worn)
Jewellery
 o - an amulet of faith (around neck)
Scrolls
 f - 4 scrolls of fog
 g - a scroll of magic mapping {unknown}
 h - a scroll of fear
 j - a scroll of enchant armour {unknown}
 k - a scroll of amnesia {unknown}
 m - a scroll of immolation {unknown}
 n - a scroll of enchant weapon {unknown}
Potions
 a - 3 potions of ambrosia
 i - 4 potions of curing


   Skills:
 - Level 1.5 Dodging
 - Level 2.1 Stealth
 + Level 5.1 Spellcasting
 - Level 0.7 Transmutations
 + Level 2.8 Ice Magic
 + Level 7.3 Earth Magic
 + Level 2.8 Invocations


You had 5 spell levels left.
You knew the following spells:

 Your Spells              Type           Power      Damage    Failure   Level
a - Sandblast             Erth           58%        2d13      1%          1
b - Passwall              Tmut/Erth      15%        N/A       4%          2
c - Stone Arrow           Conj/Erth      32%        3d9       10%         3
d - Petrify               Tmut/Erth      18%        N/A       26%         4
e - Freeze                Ice            56%        1d7       4%          1

Your spell library contained the following spells:

 Spells                   Type           Power      Damage    Failure   Level
 Frozen Ramparts          Ice            28%        1d4       13%         3
 Dazzling Flash           Conj/Hex       8%         N/A       38%         3
 Hailstorm                Conj/Ice       9%         3d4       61%         4
 Agony                    Necr           4%         N/A       98%         5
 Silence                  Hex/Air        2%         N/A       98%         5


Dungeon Overview and Level Annotations

Branches:
Dungeon (4/15)
 Temple: D:4-7

Altars:
Qazlal
Trog
Yredelemnul

Shops:
D:4 ?

Annotations:
D:3 Edmund


Innate Abilities, Weirdness & Mutations

You are immune to sickness and miasma.
Your stone body is resilient. (AC +4)
You are immune to poison.
You resist negative energy. (rN+)
You are resistant to electric shocks. (rElec)
You are resistant to unholy torment.
You are immune to petrification.


Message History

Done exploring.
Done exploring.
The moth of wrath's fur bristles in rage as it notices you.
Casting: Sandblast (safe; 1% risk of failure)
Confirm with . or Enter, or press ? or * to list all spells.
You can't see any susceptible monsters within range! (Use Z to cast anyway.)
Casting: Sandblast (safe; 1% risk of failure)
Confirm with . or Enter, or press ? or * to list all spells.
The spell is quite dangerous to cast (10% risk of failure)!
Continue anyway?
Aiming: Stone Arrow (quite dangerous; 10% risk of failure)
Press: ? - help, Shift-Dir - straight line, f - Edmund
Aim: Edmund, wielding a +2 dire flail of protection and wearing a +0 scale mail (wandering, hasn't noticed you, 72% to hit)
The stone arrow hits Edmund.
Edmund is lightly wounded.
Edmund shouts!
Edmund says, "I might not be good at magic, but I can still kill you!"
You closely miss Edmund.
Edmund is lightly wounded.
Edmund hits you with a +2 dire flail of protection!
Edmund hits you with a +2 dire flail of protection.
You are too injured to fight recklessly!
You barely miss Edmund.
Edmund is lightly wounded.
Edmund hits you with a +2 dire flail of protection!
* * * LOW HITPOINT WARNING * * *
Edmund asks, "Have you met my wondrous brother?"
Edmund says, "I'm quite good with sums, too."
You sock Edmund!
You feel better.
Edmund is moderately wounded.
Edmund hits you with a +2 dire flail of protection.
* * * LOW HITPOINT WARNING * * *
Edmund closely misses you.
You hit Edmund but do no damage.
Edmund is moderately wounded.
Edmund barely misses you.
You closely miss Edmund.
Edmund is moderately wounded.
Edmund hits you with a +2 dire flail of protection!
You die...
Your body rises from the dead as a mindless zombie.

#.#..>..#.#.#####.####.#
#.#
#.#..#.....#........##.#
#.#
#.#..##.#.#.#####.#.##.#
##.# #.....>...###
#.#.##.# #...
####.###### ###......#
#..< #####.#
########.......## #...
#.....# #..<..##.#####.#
#####... #.#####
#......#.# #.###.......
#.## #(......@#
#........... #..#
#......#@# #.###.......
##.# #.....##.#####.#
####.... #.#
########.......# #....
#.# #####.### #....
##.#### ######## #.#
#.... ......# #......#
#.# #.... ##.##.#
#.####.# #.# ###....
##.##.####.# #.# #.#
#......


You could see Edmund.

Vanquished Creatures
  Sigmund (D:2)
  A black bear (D:4)
  An ogre (D:4)
  A phantom (D:4)
  Blork the orc (D:4)
  A jelly (D:4)
  3 orc priests (D:4)
  Terence (D:2)
  An orc wizard (D:4)
  A hound skeleton (D:4)
  Robin (D:4)
  A gnoll (D:4)
  4 adders
  4 worms
  A dart slug (D:1)
  3 orcs (D:4)
  2 bats (D:1)
  9 endoplasms
  4 giant cockroaches
  11 goblins
  8 hobgoblins
  2 jackals (D:1)
  2 quokkas
  5 ball pythons
  4 frilled lizards
  4 kobolds
  9 rats
86 creatures vanquished.

Vanquished Creatures (others)
  A ball python zombie (D:4)
  A goblin zombie (D:4)
  An orc skeleton (D:4)
3 creatures vanquished.

Grand Total: 89 creatures vanquished

Notes
Turn   | Place    | Note
-------+----------+-------------------------------------------
     0 | D:1      | siradein the Gargoyle Earth Elementalist began the quest
                  | for the Orb.
     0 | D:1      | Reached XP level 1. HP: 10/10 MP: 3/3
   198 | D:1      | Reached skill level 4 in Earth Magic
   198 | D:1      | Reached XP level 2. HP: 15/15 MP: 0/5
   725 | D:1      | Reached XP level 3. HP: 19/19 MP: 0/6
   981 | D:1      | Found a faded altar of an unknown god.
  1356 | D:2      | Learned a level 2 spell: Passwall
  1360 | D:2      | Learned a level 3 spell: Stone Arrow
  1496 | D:2      | Noticed Terence
  1590 | D:2      | Killed Terence
  1591 | D:2      | Reached XP level 4. HP: 7/24 MP: 1/8
  1802 | D:2      | Noticed Sigmund
  1808 | D:2      | Killed Sigmund
  1809 | D:2      | Reached skill level 6 in Earth Magic
  1809 | D:2      | Reached XP level 5. HP: 17/28 MP: 4/11
  1809 | D:2      | Reached XP level 6. HP: 19/32 MP: 4/12
  1814 | D:2      | Learned a level 4 spell: Petrify
  1979 | D:2      | Learned a level 1 spell: Freeze
  1989 | D:2      | Found a basalt altar of Yredelemnul.
  2009 | D:2      | Became a worshipper of Yredelemnul the Dark
  2367 | D:3      | Found a stormy altar of Qazlal.
  2370 | D:3      | Noticed a fire elemental
  2373 | D:3      | Noticed an air elemental
  2373 | D:3      | Noticed a water elemental
  2633 | D:3      | Noticed a moth of wrath
  2636 | D:3      | Found a bloodstained altar of Trog.
  3031 | D:4      | Found Muschemi's Magic Scroll Boutique.
  3039 | D:4      | Bought a scroll of identify for 22 gold pieces
  3052 | D:4      | Reached skill level 1 in Ice Magic
  3111 | D:4      | Noticed Robin
  3112 | D:4      | Reached * piety under Yredelemnul
  3117 | D:4      | Killed Robin
  3414 | D:4      | Reached skill level 1 in Invocations
  3417 | D:4      | Reached XP level 7. HP: 9/36 MP: 4/13
  3740 | D:4      | Noticed Edmund
  4562 | D:4      | Noticed Blork the orc
  4567 | D:4      | Killed Blork the orc
  4568 | D:4      | Reached skill level 7 in Earth Magic
  4579 | D:4      | Reached skill level 5 in Spellcasting
  4784 | D:4      | Identified the +9 quarterstaff "Iplob" {vamp, Drain rElec
                  | Dex+3}
  5083 | D:3      | Slain by Edmund

Illustrated notes

Levels and vault maps discovered:
D:1:      dpeg_arrival_tiny_a, layout_basic,
          shapermc_ecumenical_altar_mp_highgroup, minmay_misc_feat_hallway,
          minmay_nonomino_d4
D:2:      layout_rooms, basic_altar, uniq_terence, uniq_sigmund
D:3:      layout_loops_cross, nicolae_qazlal_style_of_elements, tgw_trog
D:4:      kb_forest_paths, layout_loops_cross, serial_shops,
          nicolae_square_shop, uniq_blork_the_orc, uniq_robin, uniq_edmund

Skill      XL: |  1  2  3  4  5  6  7 |
---------------+----------------------+-----
Earth Magic    | 4 6 7 |  7.3
Spellcasting   | 3 4 5 |  5.1
Ice Magic      | 1 2 |  2.8
Invocations    | 1 2 |  2.8
Dodging        | |  1.5
Stealth        | |  2.1
Transmutations | |  0.7

Action                   |  1- 3 |  4- 6 |  7- 9 || total
-------------------------+-------+-------+-------++-------
Melee: Unarmed           |    15 |     6 |       ||    21
       Quarterstaff      |       |       |     5 ||     5
 Cast: Sandblast         |    55 |    63 |    43 ||   161
       Stone Arrow       |       |       |     2 ||     2
       Freeze            |       |       |     1 ||     1
Invok: Animate Remains   |       |     1 |     3 ||     4
  Use: Scroll            |       |     5 |     1 ||     6
Armor: Robe              |    13 |    12 |     3 ||    28
Dodge: Dodged            |    26 |    13 |    17 ||    56

Table legend: (Time is in decaauts)
 A = Elapsed time spent in this place.
 B = Non-inter-level travel time spent in this place.
 C = Inter-level travel time spent in this place.
 D = Time resting spent in this place.
 E = Time spent auto-exploring this place.
 F = Levels seen in this place.
 G = Mean time per level.
                   A        B        C        D        E       F      G
               +--------+--------+--------+--------+--------+-----+--------+
         Total |   5082 |   5005 |     77 |     17 |   3836 |   4 | 1270.5 |
       Dungeon |   5082 |   5005 |     77 |     17 |   3836 |   4 | 1270.5 |
               +--------+--------+--------+--------+--------+-----+--------+

Top non-repeatable levels by time:
     D:4: 1698 daAuts
     D:1: 1330 daAuts
     D:3: 1192 daAuts
     D:2: 862 daAuts
